Dernière mise à jour: 2025-12-07 16:11:59
% Time on Ice - SAN JOSE BRONCOS
Lines # - Real PCT - Wanted PCT - Time Play
Normal Forward
1 - 32% - 36% - 16:17
2 - 33% - 31% - 16:44
3 - 23% - 23% - 11:46
4 - 13% - 10% - 6:36
Normal Defense
1 - 33% - 36% - 16:51
2 - 34% - 31% - 17:23
3 - 27% - 23% - 13:55
4 - 6% - 10% - 3:14
PP Forward
1 - 52% - 55% - 4:09
2 - 48% - 45% - 3:47
PP Defense
1 - 61% - 55% - 4:49
2 - 39% - 45% - 3:07
PK Forward
1 - 100% - 55% - 0:04
2 - 0% - 45% - 0:00
PK Defense
1 - 100% - 55% - 0:04
2 - 0% - 45% - 0:00
PK3 Forward
1 - 0% - 55%
2 - 0% - 45%
PK3 Defense
1 - 0% - 55%
2 - 0% - 45%
44 Forward
1 - 0% - 55%
2 - 0% - 45%
44 Defense
1 - 0% - 55%
2 - 0% - 45%
Last Minute Offensive  - 0:37
Last Minute Defensive  - 0:00
Total
Forward - 60:00
Defense - 60:00
% Time on Ice - CALGARY FIREMEN
Lines # - Real PCT - Wanted PCT - Time Play
Normal Forward
1 - 36% - 35% - 18:42
2 - 32% - 32% - 16:36
3 - 24% - 24% - 12:10
4 - 8% - 9% - 3:55
Normal Defense
1 - 36% - 35% - 18:33
2 - 32% - 32% - 16:13
3 - 27% - 24% - 13:52
4 - 5% - 9% - 2:45
PP Forward
1 - 100% - 55% - 0:04
2 - 0% - 45% - 0:00
PP Defense
1 - 0% - 55% - 0:00
2 - 100% - 45% - 0:04
PK Forward
1 - 64% - 55% - 5:04
2 - 36% - 45% - 2:52
PK Defense
1 - 60% - 55% - 4:45
2 - 40% - 45% - 3:11
PK3 Forward
1 - 0% - 55%
2 - 0% - 45%
PK3 Defense
1 - 0% - 55%
2 - 0% - 45%
44 Forward
1 - 0% - 55%
2 - 0% - 45%
44 Defense
1 - 0% - 55%
2 - 0% - 45%
Last Minute Offensive  - 0:00
Last Minute Defensive  - 0:37
Total
Forward - 60:00
Defense - 60:00
Play-by-Play 1st period 0:01 of 1st period - Andrew Copp wins face-off versus Sonny Milano in neutral zone. 1:01 of 1st period - Calle Jarnkrok is hit by Jesper Bratt and loses puck. 1:52 of 1st period - Shot by Jack Roslovic. 1:52 of 1st period - Stopped by Marc-Andre Fleury with a rebound. 2:30 of 1st period - Shot by Brett Leason. 2:30 of 1st period - Stopped by Marc-Andre Fleury without a rebound. 2:31 of 1st period - Tyler Motte wins face-off versus Jack Drury in CALGARY FIREMEN zone. 2:52 of 1st period - Icing by Jaccob Slavin. 2:53 of 1st period - Andrew Copp wins face-off versus Jesper Bratt in SAN JOSE BRONCOS zone. 3:14 of 1st period - Icing by Jesper Bratt. 3:15 of 1st period - Jack Drury wins face-off versus Jesper Bratt in SAN JOSE BRONCOS zone. 4:26 of 1st period - Oliver Bjorkstrand is hit by Jared Spurgeon and loses puck. 4:51 of 1st period - Andrew Copp is hit by Jeff Carter and loses puck. 5:09 of 1st period - Off-side. 5:10 of 1st period - Cody Glass wins face-off versus Sonny Milano in neutral zone. 5:32 of 1st period - Shot by Jesper Bratt. 5:32 of 1st period - Stopped by Marc-Andre Fleury without a rebound. 5:33 of 1st period - Ryan Johansen wins face-off versus Jack Roslovic in CALGARY FIREMEN zone. 5:52 of 1st period - Shot by Ryan Johansen. 5:52 of 1st period - Stopped by Semyon Varlamov without a rebound. 5:52 of 1st period - Minor Penalty to Semyon Varlamov for Slashing. 5:53 of 1st period - Andrew Copp wins face-off versus Cole Caufield in SAN JOSE BRONCOS zone. 5:56 of 1st period - Shot by Isac Lundestrom. 5:56 of 1st period - Goal by Isac Lundestrom - SAN JOSE BRONCOS : 0 - CALGARY FIREMEN : 1. 5:57 of 1st period - Mason Marchment wins face-off versus Sonny Milano in neutral zone. 6:04 of 1st period - Shot by Mason Marchment. 6:04 of 1st period - Stopped by Semyon Varlamov without a rebound. 6:05 of 1st period - Jack Drury wins face-off versus Sonny Milano in SAN JOSE BRONCOS zone. 7:34 of 1st period - Jake Walman is hit by Ryan Johansen and loses puck. 8:20 of 1st period - Cole Caufield is hit by Andrew Copp and loses puck. 8:53 of 1st period - Shot by Filip Forsberg. 8:53 of 1st period - Stopped by Semyon Varlamov without a rebound. 8:54 of 1st period - Jesper Bratt wins face-off versus Cody Glass in SAN JOSE BRONCOS zone. 8:54 of 1st period - Jesper Bratt is hit by Yakov Trenin. 9:54 of 1st period - Andrew Copp is hit by Jeff Carter and loses puck. 10:07 of 1st period - Shot by Brett Leason. 10:07 of 1st period - Shot Misses the Net. 10:19 of 1st period - Shot by Ilya Mikheyev. 10:19 of 1st period - Deflect By Brett Leason. 10:19 of 1st period - Shot Blocked by Martin Fehervary. 11:34 of 1st period - Shot by Oliver Bjorkstrand. 11:34 of 1st period - Shot Misses the Net. 11:36 of 1st period - Shot by Jaccob Slavin. 11:36 of 1st period - Stopped by Marc-Andre Fleury without a rebound. 11:37 of 1st period - Jack Roslovic wins face-off versus Jack Drury in CALGARY FIREMEN zone. 11:43 of 1st period - Oliver Bjorkstrand is hit by Rasmus Sandin and loses puck. 12:17 of 1st period - Cole Caufield is hit by Michael McCarron and loses puck. 12:31 of 1st period - Jack Drury is hit by Thomas Harley. 12:38 of 1st period - Icing by Jaccob Slavin. 12:39 of 1st period - Jeff Carter wins face-off versus Andrew Copp in SAN JOSE BRONCOS zone. 12:47 of 1st period - Icing by Martin Fehervary. 12:48 of 1st period - Sonny Milano wins face-off versus Andrew Copp in CALGARY FIREMEN zone. 13:00 of 1st period - Off-side. 13:01 of 1st period - Ryan Johansen wins face-off versus Jeff Carter in neutral zone. 13:08 of 1st period - Icing by Ryan Graves. 13:09 of 1st period - Ryan Johansen wins face-off versus Jesper Bratt in CALGARY FIREMEN zone. 13:11 of 1st period - Icing by Calle Jarnkrok. 13:12 of 1st period - Ryan Johansen wins face-off versus Sonny Milano in CALGARY FIREMEN zone. 13:53 of 1st period - Shot by Calle Jarnkrok. 13:53 of 1st period - Stopped by Semyon Varlamov with a rebound. 14:15 of 1st period - Shot by Oliver Bjorkstrand. 14:15 of 1st period - Goal by Oliver Bjorkstrand - SAN JOSE BRONCOS : 1 - CALGARY FIREMEN : 1. 14:16 of 1st period - Jack Drury wins face-off versus Jeff Carter in neutral zone. 14:27 of 1st period - Shot by Jack Drury. 14:27 of 1st period - Shot Blocked by Jake Bean. 14:30 of 1st period - Icing by Jake Walman. 14:31 of 1st period - Andrew Copp wins face-off versus Jeff Carter in SAN JOSE BRONCOS zone. 14:31 of 1st period - Andrew Copp is hit by Jake Walman. 14:41 of 1st period - Brett Leason is hit by Mason Marchment and loses puck. 14:50 of 1st period - Shot by Filip Forsberg. 14:50 of 1st period - Stopped by Semyon Varlamov with a rebound. 16:19 of 1st period - Shot by Jesper Bratt. 16:19 of 1st period - Stopped by Marc-Andre Fleury without a rebound. 16:20 of 1st period - Ryan Johansen wins face-off versus Jesper Bratt in CALGARY FIREMEN zone. 16:20 of 1st period - Ryan Johansen is hit by Tyler Motte. 18:04 of 1st period - Shot by Oliver Bjorkstrand. 18:04 of 1st period - Stopped by Marc-Andre Fleury without a rebound. 18:05 of 1st period - Andrew Copp wins face-off versus Sonny Milano in CALGARY FIREMEN zone. 18:05 of 1st period - Andrew Copp is hit by Jesper Bratt. 18:11 of 1st period - Shot by Filip Forsberg. 18:11 of 1st period - Stopped by Semyon Varlamov with a rebound. 19:45 of 1st period - Jack Drury is hit by Brett Leason and loses puck. Goals for this period are 1 for SAN JOSE BRONCOS vs 1 for CALGARY FIREMEN. Shots for this period are 7 for SAN JOSE BRONCOS vs 7 for CALGARY FIREMEN. 2nd period 0:01 of 2nd period - Andrew Copp wins face-off versus Sonny Milano in neutral zone. 0:33 of 2nd period - Shot by Jesper Bratt. 0:33 of 2nd period - Stopped by Marc-Andre Fleury without a rebound. 0:34 of 2nd period - Jack Roslovic wins face-off versus Isac Lundestrom in CALGARY FIREMEN zone. 0:44 of 2nd period - Cole Caufield is hit by Martin Fehervary and loses puck. 1:21 of 2nd period - Minor Penalty to Ryan Johansen for Interference. 1:22 of 2nd period - Jack Drury wins face-off versus Jeff Carter in CALGARY FIREMEN zone. 2:13 of 2nd period - Isac Lundestrom is hit by Jeff Carter. 2:24 of 2nd period - Off-side. 2:25 of 2nd period - Jack Drury wins face-off versus Jack Roslovic in neutral zone. 3:57 of 2nd period - Shot by Andrew Copp. 3:57 of 2nd period - Shot Misses the Net. 3:59 of 2nd period - Shot by Jared Spurgeon. 3:59 of 2nd period - Stopped by Semyon Varlamov without a rebound. 4:00 of 2nd period - Jeff Carter wins face-off versus Ryan Johansen in SAN JOSE BRONCOS zone. 4:12 of 2nd period - Icing by Jake McCabe. 4:13 of 2nd period - Ryan Johansen wins face-off versus Jack Roslovic in CALGARY FIREMEN zone. 4:23 of 2nd period - Minor Penalty to Ryan Graves for High sticking. 4:24 of 2nd period - Jeff Carter wins face-off versus Jack Drury in CALGARY FIREMEN zone. 5:48 of 2nd period - Icing by Jaccob Slavin. 5:49 of 2nd period - Jack Drury wins face-off versus Jack Roslovic in SAN JOSE BRONCOS zone. 6:24 of 2nd period - Shot by Cole Caufield. 6:24 of 2nd period - Deflect By Clayton Keller. 6:24 of 2nd period - Stopped by Marc-Andre Fleury with a rebound. 6:35 of 2nd period - Icing by Ryan Graves. 6:36 of 2nd period - Jeff Carter wins face-off versus Filip Forsberg in CALGARY FIREMEN zone. 6:44 of 2nd period - Icing by Jake McCabe. 6:45 of 2nd period - Sonny Milano wins face-off versus Andrew Copp in CALGARY FIREMEN zone. 6:48 of 2nd period - Shot by Clayton Keller. 6:48 of 2nd period - Shot Blocked by Ryan Graves. 6:56 of 2nd period - Shot by Filip Forsberg. 6:56 of 2nd period - Deflect By Mason Marchment. 6:56 of 2nd period - Shot Misses the Net. 6:58 of 2nd period - Shot by Filip Forsberg. 6:58 of 2nd pe